 Dungeon Crawl Stone Soup version 0.21.1-1-g345015fe64 (webtiles) character file.

971 Htamos the Fighter (level 8, 0/73 HPs)
             Began as a Merfolk Berserker on July 14, 2018.
             Was a Priest of Trog.
             Slain by Edmund
             ... wielding a +2 dire flail of crushing
              (1 damage)
             ... on level 5 of the Dungeon.
             The game lasted 00:07:00 (5532 turns).

Htamos the Fighter (Merfolk Berserker)              Turns: 5532, Time: 00:07:01

Health: 0/73       AC:  8    Str: 19    XL:     8   Next: 16%
Magic:  8/8        EV:  8    Int:  7    God:    Trog [***...]
Gold:   198        SH:  0    Dex: 13    Spells: 7/7 levels left

rFire    . . .     SeeInvis +   a - +0 spear
rCold    . . .     Gourm    .   (no shield)
rNeg     . . .     Faith    .   v - +0 chain mail
rPois    .         Spirit   .   (no helmet)
rElec    .         Reflect  .   (no cloak)
rCorr    .         Harm     .   (no gloves)
MR       .....                  (no boots)
Stlth    ..........             (no amulet)
HPRegen  0.22/turn              h - +1 ring of slaying
MPRegen  0.11/turn              g - ring of see invisible

@: berserk cooldown, slowed, very slow
A: change form in water, swift swim, stealthy swim
a: Berserk, Trog's Hand, Burn Spellbooks, Renounce Religion


You were on level 5 of the Dungeon.
You worshipped Trog.
Trog was most pleased with you.
You were near starving.

You visited 1 branch of the dungeon, and saw 5 of its levels.

You collected 198 gold pieces.

Inventory:

Hand Weapons
 a - a +0 spear (weapon)
Armour
 b - a +0 animal skin
 f - a +0 ring mail
 v - a +0 chain mail (worn)
Jewellery
 g - a ring of see invisible (right hand)
 h - a +1 ring of slaying (left hand)
Scrolls
 d - a scroll of enchant armour {unknown}
 j - a scroll of enchant weapon {unknown}
 l - a scroll of teleportation {unknown}
 n - a scroll of blinking {unknown}
 o - a scroll of fear {unknown}
 p - a scroll of identify
 q - a scroll of fog
 r - 4 scrolls of amnesia {unknown}
 s - a scroll of remove curse {unknown}
 t - a scroll of magic mapping {unknown}
 u - 2 scrolls of immolation {unknown}
Potions
 i - a potion of curing
 k - a potion of flight
 w - 2 potions of invisibility {unknown}
 x - 2 potions of mutation {unknown}
Books
 e - a book of Frost

   Spells                             Type                      Level
   a - Freeze                         Ice                          1
   b - Throw Frost                    Conjuration/Ice              2
   c - Ozocubu's Armour               Charms/Ice                   3
   d - Throw Icicle                   Conjuration/Ice              4
   e - Summon Ice Beast               Ice/Summoning                4
   Trog disapproves of the use of such an item.
 m - a book of Maledictions

   Spells                             Type                      Level
   a - Corona                         Hexes                        1
   b - Ensorcelled Hibernation        Hexes/Ice                    2
   c - Confuse                        Hexes                        3
   d - Tukima's Dance                 Hexes                        3
   e - Dazzling Spray                 Conjuration/Hexes            3
   Trog disapproves of the use of such an item.
Comestibles
 c - 6 rations


   Skills:
 + Level 10.5 Fighting
 - Level 4.4 Polearms
 - Level 1.3 Armour
 - Level 2.6 Dodging


You had 7 spell levels left.
You didn't know any spells.

Dungeon Overview and Level Annotations

Branches:
Dungeon (5/15)
 Temple: D:4-7

Altars:
Dithmenos
Hepliaklqana
Qazlal

Annotations:
D:5 Edmund, Pikel


Message History

You completely miss Edmund.
Edmund is heavily wounded.
Edmund barely misses you.
You hit Edmund.
Edmund is severely wounded.
Edmund hits you with a dire flail of crushing.
* * * LOW HITPOINT WARNING * * *
x2 Edmund hits you with a dire flail of crushing!
* * * LOW HITPOINT WARNING * * *
x2 You hit Edmund.
Edmund is severely wounded.
Edmund barely misses you.
You hit Edmund but do no damage.
Edmund is severely wounded.
Edmund barely misses you.
You hit Edmund but do no damage.
Edmund is severely wounded.
Edmund hits you with a dire flail of crushing.
* * * LOW HITPOINT WARNING * * *
You die...

#.....# #.....#
#.###.###########.....##
#...............'.....'.
#.......#########.....##
###+##.##.##............#
#............#####......#
#................<......#
##......##.##.###...<....#
........##@#### #....######
........##@# ####..........
..#####.##c# #.......######
..#.....##h###..........#..
#.###..Kh.##.........##.#
###p######........... #.p#
#.#.#.#.###. #....
#...#.#..... .......
.####..####.


You could see Edmund, Pikel, 2 slaves, a centaur, a hound and a jackal.

Vanquished Creatures
  Sigmund (D:4)
  2 ice beasts (D:5)
  An ogre (D:2)
  The ghost of Sapher the Grave Robber, a weakling GnNe (D:3)
  2 crimson imps (D:5)
  A hound (D:5)
  Jessica (D:2)
  4 worker ants
  Natasha (thrice) (D:4)
  A hound zombie (D:5)
  Robin (D:3)
  7 adders
  A shadow imp (D:2)
  2 oozes
  5 worms
  A dart slug (D:4)
  A leopard gecko (D:2)
  2 orcs
  6 bats
  4 giant cockroaches
  11 goblins
  7 hobgoblins
  18 jackals
  2 quokkas (D:3)
  3 frilled lizards
  12 kobolds
  2 leopard gecko skeletons
  8 rats
110 creatures vanquished.

Notes
Turn   | Place    | Note
-------+----------+-------------------------------------------
     0 | D:1      | Htamos the Merfolk Berserker began the quest for the Orb.
     0 | D:1      | Reached XP level 1. HP: 18/18 MP: 1/1
    68 | D:1      | Reached XP level 2. HP: 23/25 MP: 2/2
    87 | D:1      | Reached skill level 4 in Fighting
   627 | D:1      | Reached XP level 3. HP: 29/31 MP: 3/3
   918 | D:1      | Reached ** piety under Trog
  1172 | D:2      | Noticed Jessica
  1178 | D:2      | Killed Jessica
  1178 | D:2      | Reached skill level 5 in Fighting
  1178 | D:2      | Reached XP level 4. HP: 39/39 MP: 4/4
  1446 | D:2      | Noticed an ogre
  1454 | D:2      | Killed an ogre
  1454 | D:2      | Reached skill level 6 in Fighting
  1454 | D:2      | Reached XP level 5. HP: 47/47 MP: 5/5
  1964 | D:2      | Found a hazy altar of Hepliaklqana.
  2032 | D:3      | Noticed Sapher's ghost (weakling GnNe)
  2044 | D:3      | Killed Sapher's ghost
  2044 | D:3      | Reached skill level 7 in Fighting
  2044 | D:3      | Reached XP level 6. HP: 55/55 MP: 6/6
  2553 | D:3      | Found a stormy altar of Qazlal.
  2718 | D:3      | Noticed Robin
  2722 | D:3      | Killed Robin
  2724 | D:3      | Reached *** piety under Trog
  3604 | D:4      | Found a shadowy altar of Dithmenos.
  3605 | D:4      | Noticed Sigmund
  3615 | D:4      | Killed Sigmund
  3615 | D:4      | Reached skill level 8 in Fighting
  3615 | D:4      | Reached XP level 7. HP: 63/63 MP: 7/7
  3617 | D:4      | Noticed Natasha
  3632 | D:4      | Killed Natasha
  3814 | D:4      | Reached skill level 9 in Fighting
  4321 | D:4      | Noticed Natasha
  4327 | D:4      | Killed Natasha
  4789 | D:4      | Noticed Natasha
  4800 | D:4      | Killed Natasha
  4839 | D:5      | Entered Level 5 of the Dungeon
  5394 | D:5      | Reached skill level 10 in Fighting
  5408 | D:5      | Reached XP level 8. HP: 59/72 MP: 8/8
  5482 | D:5      | Noticed Edmund
  5509 | D:5      | Noticed Pikel
  5529 | D:5      | HP: 2/73 [Edmund/dire flail of crushing (2)]
  5532 | D:5      | Slain by Edmund

Skill      XL: |  1  2  3  4  5  6  7 |
---------------+----------------------+-----
Fighting       | 4 5 6 7 8 10 | 10.5
Polearms       | |  4.4
Armour         | |  1.3
Dodging        | |  2.6

Action                   |  1- 3 |  4- 6 |  7- 9 || total
-------------------------+-------+-------+-------++-------
Melee: Spear             |   123 |   217 |   248 ||   588
Invok: Berserk           |     2 |     6 |     3 ||    11
  Use: Scroll            |       |     3 |       ||     3
       Potion            |       |       |     3 ||     3
 Stab: Sleeping          |     3 |       |       ||     3
  Eat: Chunk             |     2 |    10 |     5 ||    17
       Ration            |       |     1 |     1 ||     2
Armor: Animal skin       |     7 |       |       ||     7
       Ring mail         |     6 |    50 |     9 ||    65
       Chain mail        |       |       |    82 ||    82
       Skin              |       |       |    18 ||    18
Dodge: Dodged            |    49 |    98 |    76 ||   223
